 Dungeon Crawl Stone Soup version 0.28-a0-268-g3f656e82c2 (webtiles) character file.

Game seed: 17930345823296574106

135 bande the Covered (level 5, -1/33 HPs)
             Began as a Gargoyle Fighter on Aug 29, 2021.
             Slain by an iguana (11 damage)
             ... on level 4 of the Dungeon.
             The game lasted 00:05:11 (3595 turns).

bande the Covered (Gargoyle Fighter)                Turns: 3595, Time: 00:05:12

Health: -1/33      AC: 12    Str: 20    XL:     5   Next: 18%
Magic:  14/14      EV:  7    Int:  8    God:
Gold:   149        SH:  8    Dex: 10    Spells: 4/4 levels left

rFire   . . .      SeeInvis .   a - +1 war axe
rCold   . . .      Faith    .   c - +0 kite shield
rNeg    + . .      Spirit   .   b - +0 scale mail
rPois   ∞          Reflect  .   (no helmet)
rElec   +          Harm     .   (no cloak)
rCorr   .          Rampage  .   g - +0 pair of gloves
Will    .....                   (no boots)
Stlth   ..........              (no amulet)
HPRegen 0.11/turn               f - ring of magical power
MPRegen 0.14/turn               (no ring)

@: no status effects
A: sickness immunity, AC +4, negative energy resistance 1, electricity
resistance, torment resistance 1, petrification resistance
a: no special abilities


You were on level 4 of the Dungeon.
You visited 1 branch of the dungeon, and saw 4 of its levels.

You collected 149 gold pieces.

Inventory:

Hand Weapons
 a - a +1 war axe (weapon)
Armour
 b - a +0 scale mail (worn)
 c - a +0 kite shield (worn)
 g - a +0 pair of gloves (worn)
Jewellery
 f - a ring of magical power (left hand)
Wands
 e - a wand of flame (11)
Scrolls
 h - a scroll of identify
Potions
 d - 3 potions of might
 k - a potion of curing


   Skills:
 + Level 3.8 Fighting
 + Level 3.2 Axes
 + Level 4.0 Armour
 - Level 0.1 Dodging
 + Level 4.0 Shields
 * Level 0.7 Evocations


You had 4 spell levels left.
You didn't know any spells.
Your spell library contained the following spells:

 Spells                   Type           Power      Damage    Failure   Level
 Beastly Appendage        Tmut           0%         N/A       99%         1
 Summon Small Mammal      Summ           0%         N/A       99%         1
 Corpse Rot               Necr/Air       N/A        N/A       100%        2
 Poisonous Vapours        Pois/Air       0%         N/A       100%        2
 Wereblood                Tmut           0%         N/A       100%        2
 Call Canine Familiar     Summ           0%         N/A       100%        3
 Portal Projectile        Hex/Tloc       0%         N/A       100%        3
 Spider Form              Tmut/Pois      0%         N/A       100%        3
 Summon Guardian Golem    Hex/Summ       0%         N/A       100%        3
 Blade Hands              Tmut           0%         N/A       100%        5
 Excruciating Wounds      Necr           0%         N/A       100%        5
 Freezing Cloud           Conj/Ice/Air   0%         6-21      100%        5


Dungeon Overview and Level Annotations

Branches:
Dungeon (4/15)
 Temple: D:4-7

Altars:


Innate Abilities, Weirdness & Mutations

You are immune to sickness and miasma.
Your stone body is resilient. (AC +4)
You are immune to poison.
You resist negative energy. (rN+)
You are resistant to electric shocks. (rElec)
You are resistant to unholy torment.
You are immune to petrification.


Message History

The phantom barely misses you.
You closely miss the phantom.
The phantom is lightly damaged.
The phantom hits you.
You closely miss the phantom.
The phantom is lightly damaged.
The phantom hits you but does no damage.
You block the phantom's attack.
You hit the phantom.
The phantom is moderately damaged.
The phantom hits you but does no damage.
You miss the phantom.
The phantom is moderately damaged.
The phantom hits you but does no damage.
The phantom completely misses you.
You hit the phantom but do no damage.
The phantom is moderately damaged.
The phantom barely misses you.
You completely miss the phantom.
The phantom is moderately damaged.
The phantom barely misses you. The phantom hits you.
The phantom blinks!
You blink.
A hobgoblin comes into view.
Found 19 stones and 11 sling bullets.
The hobgoblin shouts!
The phantom hits you but does no damage.
Your shield prevents you from hitting the phantom.
The phantom is moderately damaged.
The phantom barely misses you.
The phantom hits you but does no damage.
The iguana bites you!
You hit the phantom.
The phantom is moderately damaged.
You completely miss the iguana. The phantom hits you.
You block the iguana's attack.
You hit the phantom.
The phantom is moderately damaged.
You closely miss the iguana. You block the phantom's attack.
The iguana bites you!
You die...

## #. #. #. #
###############.
###.#####...............
.............###########
#.....l....# # ##@Wr...#
# #.#...## # ...##.## #
#.#.....( # .......#.##
# ≈≈≈ ≈≈≈. #. ....(.g≈.
#. .#. ##.≈.# #.


You could see a phantom, an iguana, a quokka and a hobgoblin.

Vanquished Creatures
  A jelly (D:4)
  A hound skeleton (D:4)
  An adder (D:3)
  A worm (D:2)
  3 dart slugs
  5 orcs (D:3)
  10 endoplasms
  7 giant cockroaches
  A goblin (D:2)
  6 hobgoblins
  4 kobolds
  3 quokkas
  6 ball pythons
  5 bats
  6 frilled lizards
  6 rats
66 creatures vanquished.

Notes
Turn   | Place    | Note
-------+----------+-------------------------------------------
     0 | D:1      | bande the Gargoyle Fighter began the quest for the Orb.
     0 | D:1      | Reached XP level 1. HP: 14/14 MP: 1/1
   154 | D:1      | Found a faded altar of an unknown god.
   318 | D:1      | Reached XP level 2. HP: 17/19 MP: 2/2
  1498 | D:2      | Reached XP level 3. HP: 23/23 MP: 3/3
  2144 | D:2      | Reached XP level 4. HP: 25/29 MP: 4/4
  3444 | D:4      | Reached XP level 5. HP: 29/33 MP: 5/5
  3571 | D:4      | Noticed a phantom
  3595 | D:4      | Slain by an iguana

Illustrated notes

Levels and vault maps discovered:
D:1:      elethiomel_arrival_shortcut, layout_basic,
          shapermc_ecumenical_altar_notcrosses
D:2:      minmay_recursive_quarters, layout_basic, minmay_between
D:3:      layout_basic
D:4:      layout_loops_ring, mainiacjoe_overflow_brackets

Skill      XL: |  1  2  3  4 |
---------------+-------------+-----
Axes           | 2 3 |  3.2
Armour         | 4 |  4.0
Shields        | 4 |  4.0
Fighting       | |  3.8
Dodging        | |  0.1
Evocations     | |  0.7

Action                   |  1- 3 |  4- 6 || total
-------------------------+-------+-------++-------
Melee: War axe           |    98 |    92 ||   190
  Use: Scroll            |     2 |     5 ||     7
       Potion            |     2 |       ||     2
Armor: Scale mail        |    43 |    74 ||   117
Dodge: Dodged            |    26 |    41 ||    67
Block: Kite shield       |    46 |    50 ||    96

Table legend: (Time is in decaauts)
 A = Elapsed time spent in this place.
 B = Non-inter-level travel time spent in this place.
 C = Inter-level travel time spent in this place.
 D = Time resting spent in this place.
 E = Time spent auto-exploring this place.
 F = Levels seen in this place.
 G = Mean time per level.
                   A        B        C        D        E       F      G
               +--------+--------+--------+--------+--------+-----+--------+
         Total |   3689 |   3644 |     45 |    238 |   2801 |   4 |  922.2 |
       Dungeon |   3689 |   3644 |     45 |    238 |   2801 |   4 |  922.2 |
               +--------+--------+--------+--------+--------+-----+--------+

Top non-repeatable levels by time:
     D:1: 1509 daAuts
     D:3: 1070 daAuts
     D:2: 868 daAuts
     D:4: 241 daAuts
